 Dungeon Crawl Stone Soup version 0.27-a0-1324-ge0d8e047f6 (webtiles) character file.

Game seed: 13208075188285837360

1256 HAL9000 the Covert (level 8, -5/38 HPs)
             Began as a Vine Stalker Brigand on June 23, 2021.
             Was an Initiate of Dithmenos.
             Killed from afar by Maggie (10 damage)
             ... with a bolt of fire
             ... on level 6 of the Dungeon.
             The game lasted 00:12:53 (5196 turns).

HAL9000 the Covert (Vine Stalker Brigand)           Turns: 5196, Time: 00:12:54

Health: -5/38      AC:  8    Str: 17    XL:     8   Next: 51%
Magic:  0/9        EV: 11    Int: 11    God:    Dithmenos [......]
Gold:   317        SH:  0    Dex: 15    Spells: 4/7 levels left

rFire    + . .     SeeInvis .   a - +2 dagger
rCold    . . .     Faith    .   (no shield)
rNeg     . . .     Spirit   +   b - +0 robe
rPois    .         Reflect  .   (no helmet)
rElec    .         Harm     .   c - +0 cloak
rCorr    .         Rampage  .   o - +0 pair of gloves
Will     +....                  (no boots)
Stlth    ++++......             (no amulet)
HPRegen  1.12/turn              j - ring of protection from fire
MPRegen  0.11/turn              A - +4 ring of protection

@: lethally poisoned (-5 -> -5), mesmerised, hasted, very quick
A: fangs 3, regeneration 1, magic shield, antimagic bite, no potion heal 2
a: Renounce Religion


You were on level 6 of the Dungeon.
You worshipped Dithmenos.
Dithmenos was noncommittal.
You visited 2 branches of the dungeon, and saw 7 of its levels.

You collected 317 gold pieces.

Inventory:

Hand Weapons
 a - a +2 dagger (weapon)
 r - a +0 hunting sling
Missiles
 d - 47 poisoned darts (quivered)
Armour
 b - a +0 robe (worn)
 c - a +0 cloak (worn)
 o - a +0 pair of gloves (worn)
Jewellery
 j - a ring of protection from fire (left hand)
 l - a ring of protection from cold
 t - a ring of positive energy
 A - a +4 ring of protection (right hand)
Wands
 i - a wand of charming (10)
 p - a wand of iceblast (13)
 D - a wand of digging (8)
 E - a wand of flame (16)
Scrolls
 f - 3 scrolls of immolation {unknown}
 h - a scroll of summoning {unknown}
 n - 3 scrolls of teleportation {unknown}
 s - a scroll of amnesia {unknown}
 u - a scroll of fog {unknown}
 v - a scroll of torment {unknown}
 w - 2 scrolls of blinking {unknown}
 x - a scroll of enchant armour {unknown}
 y - a scroll of vulnerability {unknown}
 z - 2 scrolls of magic mapping
 B - a scroll of fear {unknown}
Potions
 g - 2 potions of curing
 k - a potion of haste
 m - a potion of resistance
 C - 2 potions of brilliance


   Skills:
 - Level 1.7 Fighting
 - Level 7.2 Short Blades
 - Level 1.7 Throwing
 - Level 0.7 Dodging
 + Level 9.7 Stealth


You had 4 spell levels left.
You knew the following spells:

 Your Spells              Type           Power      Damage    Failure   Level
a - Confusing Touch       Hex            0%         N/A       71%         3

Your spell library contained the following spells:

 Spells                   Type           Power      Damage    Failure   Level
 Animate Skeleton         Necr           0%         N/A       34%         1
 Apportation              Tloc           0%         N/A       34%         1
 Corona                   Hex            0%         N/A       34%         1
 Summon Small Mammal      Summ           0%         N/A       34%         1
 Gell's Gravitas          Tloc           0%         N/A       71%         3
 Petrify                  Tmut/Erth      0%         N/A       98%         4
 Metabolic Englaciation   Hex/Ice        0%         N/A       100%        5
 Yara's Violent Unravell  Hex/Tmut       0%         3d3       100%        5


Dungeon Overview and Level Annotations

Branches:
Dungeon (6/15)             Temple (1/1) D:4

Altars:
Ashenzari
Cheibriados
Dithmenos
Elyvilon
Fedhas
Gozag
Hepliaklqana
Kikubaaqudgha
Makhleb
Nemelex Xobeh
Okawaru
Qazlal
Ru
Trog
Uskayaw
Vehumet
Wu Jian
Xom
Yredelemnul
Zin
The Shining One

Annotations:
D:6 Maggie


Innate Abilities, Weirdness & Mutations

You have razor-sharp teeth.
Your natural rate of healing is unusually fast.
When hurt, damage is shared between your health and your magic reserves.
Your bite disrupts and absorbs the magic of your enemies.
Potions cannot restore your health.


Message History

Maggie hits you with a +2 scimitar of flaming.
Maggie burns you.
An adder comes into view.
The water moccasin zombie barely misses you.
You barely miss Maggie.
Maggie is heavily wounded.
Maggie hits you with a +2 scimitar of flaming!
Maggie burns you.
The water moccasin zombie closely misses you.
You hit Maggie. You bite Maggie, but do no damage.
Maggie is heavily wounded.
Maggie gestures at you while chanting. The bolt of fire hits you. You resist.
Unknown command.
You cannot move away from Maggie!
You barely miss Maggie. Your bite misses Maggie.
Maggie is heavily wounded.
Unknown command.
You barely miss Maggie. You bite Maggie, but do no damage.
Maggie is heavily wounded.
The adder bites you but does no damage.
Maggie hits you with a +2 scimitar of flaming.
You feel yourself speed up. The adder bites you.
You are poisoned.
The adder poisons you!
Maggie hits you with a +2 scimitar of flaming!
* * * LOW HITPOINT WARNING * * *
Unknown command.
You hit Maggie but do no damage. Your bite misses Maggie.
Maggie is heavily wounded.
You feel sick. The water moccasin zombie bites you.
* * * LOW HITPOINT WARNING * * *
The adder barely misses you.
Unknown command.
You barely miss Maggie. You bite Maggie, but do no damage.
Maggie is heavily wounded.
You feel sick. Maggie gestures at you while chanting.
The bolt of fire hits you! You resist.
You die...

. .. $.. ..
######.#
##...(.(#
#....#.....Z
#.ZS@# @....
###@## ####
##..###
#.....#
#...<.#
#.....#
#.....#
#######


You could see Maggie (mesmerising), an adder and a water moccasin zombie.

Vanquished Creatures
  2 water moccasins (D:5)
  2 ice beasts
  A necrophage (D:4)
  A black bear (D:4)
  A phantom (D:4)
  2 scorpions (D:4)
  A water moccasin zombie (D:5)
  2 hounds
  A centaur zombie (D:5)
  A jelly (D:5)
  A centaur skeleton (D:5)
  2 orc wizards (D:4)
  4 gnolls
  11 adders
  A shadow imp (D:5)
  3 ufetubi (D:4)
  An adder zombie (D:5)
  2 worms
  2 dart slugs
  3 orcs (D:4)
  2 ball pythons
  10 endoplasms
  4 giant cockroaches
  3 goblins
  2 hobgoblins
  7 jackals
  3 quokkas
  7 bats
  2 frilled lizards
  5 kobolds
  4 rats
93 creatures vanquished.

Notes
Turn   | Place    | Note
-------+----------+-------------------------------------------
     0 | D:1      | HAL9000 the Vine Stalker Brigand began the quest for the
                  | Orb.
     0 | D:1      | Reached XP level 1. HP: 11/11 MP: 2/2
   159 | D:1      | Reached XP level 2. HP: 14/15 MP: 3/3
   314 | D:1      | Found a faded altar of an unknown god.
   995 | D:2      | Reached XP level 3. HP: 7/18 MP: 4/4
  1997 | D:2      | Gained mutation: Your natural rate of healing is unusually
                  | fast. [Vine Stalker growth]
  1997 | D:2      | Reached XP level 4. HP: 23/23 MP: 5/5
  2268 | D:3      | Noticed an ice beast
  2280 | D:3      | Killed an ice beast
  2281 | D:3      | Reached skill level 6 in Stealth
  2281 | D:3      | Reached XP level 5. HP: 26/26 MP: 6/6
  2804 | D:3      | Reached XP level 6. HP: 19/30 MP: 4/7
  3181 | D:4      | Reached skill level 5 in Short Blades
  3324 | D:4      | Found a staircase to the Ecumenical Temple.
  3367 | Temple   | Entered the Ecumenical Temple
  3664 | Temple   | Became a worshipper of Dithmenos the Shadowed
  3692 | D:4      | Noticed a necrophage
  3708 | D:4      | Killed a necrophage
  3709 | D:4      | Reached XP level 7. HP: 23/34 MP: 4/8
  4349 | D:5      | Entered Level 5 of the Dungeon
  4353 | D:5      | Reached skill level 7 in Stealth
  4369 | D:5      | Learned a level 3 spell: Confusing Touch
  4393 | D:5      | Gained mutation: You have razor-sharp teeth. [Vine Stalker
                  | growth]
  4393 | D:5      | Reached XP level 8. HP: 38/38 MP: 9/9
  4551 | D:5      | Reached skill level 8 in Stealth
  4580 | D:5      | Reached skill level 9 in Stealth
  5180 | D:6      | Noticed Maggie
  5196 | D:6      | Killed from afar by Maggie

Illustrated notes

Levels and vault maps discovered:
D:1:      dpeg_arrival_arbitrary_b, layout_basic,
          hellmonk_ecumenical_altar_arch_garden, serial_park_tiny_1,
          chequers_serial_rivers_marsh, serial_bayou_lake_a
D:2:      layout_basic, minmay_tromino_v4_c
D:3:      layout_rooms
D:4:      layout_gridville, minmay_temple_entry_glass, minmay_misc_feat_square,
          minmay_joined_circles
D:5:      layout_loops_ring, hex_medium, minmay_fountain_box,
          kennysheep_generic_room_2
D:6:      layout_gridville, uniq_maggie
Temple:   nicolae_temple_the_god_donut

Skill      XL: |  1  2  3  4  5  6  7  8 |
---------------+-------------------------+-----
Short Blades   | 2 3 4 6 7 |  7.2
Stealth        | 6 7 9 |  9.7
Fighting       | |  1.7
Throwing       | |  1.7
Dodging        | |  0.7

Action                   |  1- 3 |  4- 6 |  7- 9 || total
-------------------------+-------+-------+-------++-------
Melee: Dagger            |   104 |    93 |   153 ||   350
       Bite              |    14 |    23 |    43 ||    80
Throw: Dart              |     7 |    48 |    21 ||    76
       Throwing net      |       |     1 |     1 ||     2
Evoke: Wand              |       |       |     3 ||     3
  Use: Scroll            |       |     3 |     3 ||     6
       Potion            |       |       |     1 ||     1
 Stab: Sleeping          |     9 |     9 |     8 ||    26
       Distracted        |       |     2 |       ||     2
       Held in net/web   |       |     1 |       ||     1
Armor: Robe              |    24 |    12 |    46 ||    82
Dodge: Dodged            |    46 |    35 |    84 ||   165

Table legend: (Time is in decaauts)
 A = Elapsed time spent in this place.
 B = Non-inter-level travel time spent in this place.
 C = Inter-level travel time spent in this place.
 D = Time resting spent in this place.
 E = Time spent auto-exploring this place.
 F = Levels seen in this place.
 G = Mean time per level.
                   A        B        C        D        E       F      G
               +--------+--------+--------+--------+--------+-----+--------+
         Total |   5139 |   4987 |    152 |    460 |   3582 |   7 |  734.1 |
       Dungeon |   4825 |   4701 |    124 |    460 |   3303 |   6 |  804.2 |
        Temple |    313 |    285 |     28 |      0 |    279 |   1 |  313.0 |
               +--------+--------+--------+--------+--------+-----+--------+

Top non-repeatable levels by time:
     D:4: 1269 daAuts
     D:2: 1256 daAuts
     D:1: 1007 daAuts
     D:5: 801 daAuts
     D:3: 470 daAuts
  Temple: 313 daAuts
     D:6: 20 daAuts
